 Dungeon Crawl Stone Soup version 0.30.1-4-g462c640d31 (webtiles) character file.

Game seed: 3451183552731623106

13821 Kazma the Nimble (level 12, -13/94 HPs)
             Began as a Gnoll Gladiator on Sept 3, 2023.
             Was an Elder of Okawaru.
             Killed from afar by Erica (44 damage)
             ... with a bolt of poison
             ... on level 1 of the Lair of Beasts on Sept 4, 2023.
             The game lasted 02:29:08 (14694 turns).

Kazma the Nimble (Gnoll Gladiator)                 Turns: 14694, Time: 02:29:13

Health: -13/94     AC: 37    Str: 18    XL:     12   Next: 10%
Magic:  0/22       EV: 10    Int:  9    God:    Okawaru [****..]
Gold:   642        SH:  7    Dex: 13    Spells: 25/25 levels left

rFire   . . .        b - +5 mace
rCold   . . .        T - +0 buckler
rNeg    . . .        q - +15 Maxwell's patent armour {-Cast -Tele rElec Will+ rCorr}
rPois   .            w - +2 helmet
rElec   +            (no cloak)
rCorr   +            v - +0 pair of gloves
SInv    .            O - +0 pair of boots
Will    +....        R - amulet of guardian spirit
Stlth   +            y - ring of flight
HPRegen 0.35/turn    (no ring)
MPRegen 0.18/turn

%: no teleportation, no spellcasting, guardian spirit
@: lethally poisoned (-13 -> -36), heroic, flying
A: fangs 1, strong nose, distributed training
a: Renounce Religion, Heroism, Finesse


You were on level 1 of the Lair of Beasts.
You worshipped Okawaru.
Okawaru was greatly pleased with you.
You visited 3 branches of the dungeon, and saw 13 of its levels.

You collected 642 gold pieces.

Inventory:

Hand Weapons
 a - a +1 short sword of venom
 b - a +5 mace (weapon)
 u - a +0 falchion of holy wrath
 E - a +3 dire flail
 P - a +4 battleaxe
 X - a +4 scimitar of freezing
Missiles
 d - 3 throwing nets
 A - 21 poisoned darts (quivered)
 D - 7 javelins
Armour
 e - +2 swamp dragon scales
 i - a +2 plate armour of poison resistance
 q - the +15 Maxwell's patent armour (worn) {-Cast -Tele rElec Will+ rCorr}
   (Okawaru gifted it to you on level 1 of the Lair of Beasts)

   rElec:     It insulates you from electricity.
   -Cast:     It prevents spellcasting.
   -Tele:     It prevents most forms of teleportation.
   rCorr:     It protects you from acid and corrosion.
   Will:      It increases your willpower.
 t - a +3 leather armour of willpower
 v - a +0 pair of gloves (worn)
 w - a +2 helmet (worn)
 O - a +0 pair of boots (worn)
 T - a +0 buckler (worn)
Jewellery
 f - a ring of ice
 g - an amulet of magic regeneration
 y - a ring of flight (left hand)
 R - an amulet of guardian spirit (around neck)
Wands
 F - a wand of light (3)
 I - a wand of mindburst (23)
 L - a wand of paralysis (11)
 U - a wand of roots (22)
 W - a wand of flame (32)
Scrolls
 h - 3 scrolls of teleportation
 j - 2 scrolls of magic mapping {unknown}
 l - a scroll of brand weapon {unknown}
 n - 6 scrolls of amnesia
 s - 3 scrolls of enchant armour {unknown}
 B - a scroll of silence {unknown}
 G - a scroll of noise {unknown}
 K - a scroll of vulnerability {unknown}
 Q - 2 scrolls of blinking {unknown}
 S - a scroll of poison {unknown}
 V - 2 scrolls of immolation
 Y - 3 scrolls of fog {unknown}
 Z - a scroll of enchant weapon {unknown}
Potions
 c - a potion of magic {unknown}
 k - 3 potions of brilliance
 m - 2 potions of cancellation
 p - 2 potions of attraction
 r - 2 potions of ambrosia
 x - a potion of haste {unknown}
 z - 5 potions of might
 C - 3 potions of lignification
 J - a potion of invisibility
 M - 3 potions of flight
 N - 2 potions of mutation {unknown}


   Skills:
 + Level 8.6(13.6) Fighting
 + Level 7.2(12.2) Short Blades
 + Level 7.2(12.2) Long Blades
 + Level 7.2(12.2) Axes
 + Level 9.8(14.8) Maces & Flails
 + Level 7.2(12.2) Polearms
 + Level 7.2(12.2) Staves
 + Level 7.2(12.2) Ranged Weapons
 + Level 8.6(13.6) Throwing
 + Level 7.2(12.2) Armour
 + Level 9.8(14.8) Dodging
 + Level 7.2(12.2) Stealth
 + Level 7.2(12.2) Shields
 + Level 7.2(12.2) Unarmed Combat
 + Level 7.2 Spellcasting
 + Level 6.0 Conjurations
 + Level 6.0 Hexes
 + Level 6.0 Summonings
 + Level 6.0 Necromancy
 + Level 6.0 Translocations
 + Level 6.0 Transmutations
 + Level 6.0 Fire Magic
 + Level 6.0 Ice Magic
 + Level 6.0 Air Magic
 + Level 6.0 Earth Magic
 + Level 6.0 Poison Magic
 + Level 7.9 Invocations
 + Level 7.2 Evocations


You had 25 spell levels left.
You didn't know any spells.
Your spell library contained the following spells:

 Spells                   Type           Power      Damage    Failure   Level
 Necrotise                Necr           56%        1d6       34%         1
 Slow                     Hex            56%        N/A       34%         1
 Ensorcelled Hibernation  Hex/Ice        28%        N/A       47%         2
 Poisonous Vapours        Pois/Air       28%        N/A       47%         2
 Static Discharge         Conj/Air       28%        2-4/arc   47%         2
 Gell's Gravitas          Tloc           14%        N/A       71%         3
 Mephitic Cloud           Conj/Pois/Air  14%        N/A       71%         3
 Spider Form              Tmut/Pois      14%        N/A       71%         3
 Teleport Other           Tloc           14%        N/A       71%         3
 Vampiric Draining        Necr           14%        2d7       71%         3
 Airstrike                Air            7%         2d(1-17)  98%         4
 Anguish                  Hex/Necr       7%         N/A       98%         4
 Agony                    Necr           14%        N/A       100%        5
 Freezing Cloud           Conj/Ice/Air   7%         6-21      100%        5
 Dispersal                Tloc           7%         N/A       100%        6
 Summon Small Mammal      Summ           Unusable   N/A       N/A         1
 Call Canine Familiar     Summ           Unusable   N/A       N/A         3
 Summon Guardian Golem    Hex/Summ       Unusable   N/A       N/A         3
 Summon Lightning Spire   Summ/Air       Unusable   N/A       N/A         4
 Summon Mana Viper        Hex/Summ       Unusable   N/A       N/A         5

Dungeon Overview and Level Annotations

Branches:
Dungeon (10/15)            Temple (1/1) D:7            Lair (2/5) D:10
    Orc (0/2) D:10
  Swamp: Lair:2-3    Shoals: Lair:2-3     Snake: Lair:2-3    Spider: Lair:2-3

Altars:
Ashenzari
Cheibriados
Dithmenos
Elyvilon
Fedhas
Gozag
Hepliaklqana
Kikubaaqudgha
Makhleb
Nemelex Xobeh
Okawaru
Qazlal
Ru
Sif Muna
Trog
Uskayaw
Vehumet
Wu Jian
Xom
Yredelemnul
Zin
The Shining One

Shops:
D:8 *

Annotations:
D:3 2 transporters, vvl's ghost, amateur DsFi
D:6 3 runed translucent doors, YordlordTheGreat's ghost, amateur FeTm
D:7 1 transporter, Voland's ghost, novice TeAE
Lair:1 Erica


Innate Abilities, Weirdness & Mutations

You have very sharp teeth.
Your uncanny sense of smell can sniff out nearby items.
Your experience applies equally to all skills.


Message History

b - a +5 mace (weapon)
You hit Erica.
Erica is moderately wounded.
Erica hits you but does no damage.
You closely miss Erica.
Erica is moderately wounded.
Erica gestures at you while chanting.
You easily resist.
You hit Erica.
Erica is heavily wounded.
Erica points at you and mumbles some strange words.
The bolt of poison hits you!!
You are poisoned.
You are too injured to fight recklessly!
You gain the combat prowess of a mighty hero.
You feel very sick.
Erica hits you with a +4 scimitar of flaming!
* * * LOW HITPOINT WARNING * * *
Erica burns you!
* * * LOW HITPOINT WARNING * * *
You feel much better.
You feel very sick. Erica casts a spell at you. The lance of force hits you.
You are knocked back by the lance of force.
You slam into the rock wall!
* * * LOW HITPOINT WARNING * * *
Unknown command.
You feel much better.
You feel sick.
Unknown command.
You feel sick.
Erica points at you and mumbles some strange words.
The bolt of poison misses you.
You sock Erica!
Erica is almost dead.
You feel sick. Erica casts a spell at you. The bolt of poison hits you!!!
You are more poisoned.
You die...

..........#............#.#.......
.........................#.......
..........#.............#........
..........#...........P..........
..........##........####.#..'####
#.######.#.##.#.#..P####P##....#
### #..######...............##
#######.## #............P...#
......(..# ##@#P##....#.PP#'##
.........######..@#P.#P#P#P......
.........##..##.....#P.#P#.......
.....>...###...........#P#.......
.........##.........>...##.......
.........'......)......P.........
.........###...........#..'......
.........# #............###......
########## ############## #######


You could see Erica (empowered, very poisoned).

Vanquished Creatures
  A two-headed ogre (D:9)
  Nergalle (D:10)
  2 black mambas
  Joseph (D:8)
  A torpor snail (Lair:1)
  Maggie (D:9)
  A komodo dragon (Lair:1)
  2 trolls
  4 polar bears (Lair:1)
  2 dream sheep (Lair:1)
  8 blink frogs (Lair:1)
  Sigmund (D:3)
  A shadow (D:10)
  2 wyverns
  13 yaks
  Grum (D:8)
  A steam dragon (D:9)
  A warg (D:10)
  6 water moccasins
  3 orc warriors
  2 black bears
  2 wolves (D:8)
  6 centaurs
  An ogre (D:3)
  A kobold brigand (D:6)
  7 bullfrogs
  2 scorpions (D:6)
  8 wights
  26 killer bees
  A howler monkey (D:9)
  4 jellies
  3 hounds
  5 orc priests
  A sleepcap (D:5)
  4 iguanas
  7 orc wizards
  Natasha (thrice) (D:3)
  A mummy (D:7)
  8 adders
  A shadow imp (D:7)
  A white imp (D:8)
  2 ufetubi
  2 worms
  A dart slug (D:5)
  29 orcs
  6 bats
  11 endoplasms
  7 giant cockroaches
  9 goblins
  6 hobgoblins
  A jackal (D:4)
  4 quokkas
  7 ball pythons
  4 frilled lizards
  14 kobolds
  7 rats
  A butterfly (D:8)
258 creatures vanquished.

Notes
Turn   | Place    | Note
-------+----------+-------------------------------------------
     0 | D:1      | Kazma the Gnoll Gladiator began the quest for the Orb.
     0 | D:1      | Reached XP level 1. HP: 20/20 MP: 1/1
    84 | D:1      | Reached XP level 2. HP: 26/26 MP: 2/2
   902 | D:2      | Reached XP level 3. HP: 31/31 MP: 3/3
  1072 | D:2      | Reached skill level 1 in Invocations
  1160 | D:2      | Found a faded altar of an unknown god.
  1379 | D:3      | Reached skill level 1 in Short Blades
  1379 | D:3      | Reached skill level 1 in Long Blades
  1379 | D:3      | Reached skill level 1 in Axes
  1379 | D:3      | Reached skill level 1 in Polearms
  1379 | D:3      | Reached skill level 1 in Staves
  1379 | D:3      | Reached skill level 1 in Ranged Weapons
  1379 | D:3      | Reached skill level 1 in Armour
  1379 | D:3      | Reached skill level 1 in Stealth
  1379 | D:3      | Reached skill level 1 in Shields
  1379 | D:3      | Reached skill level 1 in Unarmed Combat
  1379 | D:3      | Reached skill level 1 in Spellcasting
  1379 | D:3      | Reached skill level 1 in Evocations
  1389 | D:3      | Noticed Natasha
  1408 | D:3      | Killed Natasha
  1409 | D:3      | Reached XP level 4. HP: 25/38 MP: 5/5
  1418 | D:3      | Noticed Natasha
  1429 | D:3      | Killed Natasha
  1430 | D:3      | Reached skill level 1 in Conjurations
  1430 | D:3      | Reached skill level 1 in Hexes
  1430 | D:3      | Reached skill level 1 in Summonings
  1430 | D:3      | Reached skill level 1 in Necromancy
  1430 | D:3      | Reached skill level 1 in Translocations
  1430 | D:3      | Reached skill level 1 in Transmutations
  1430 | D:3      | Reached skill level 1 in Fire Magic
  1430 | D:3      | Reached skill level 1 in Ice Magic
  1430 | D:3      | Reached skill level 1 in Air Magic
  1430 | D:3      | Reached skill level 1 in Earth Magic
  1430 | D:3      | Reached skill level 1 in Poison Magic
  1629 | D:3      | Noticed Natasha
  1657 | D:3      | Killed Natasha
  1658 | D:3      | Reached XP level 5. HP: 39/43 MP: 7/7
  1792 | D:3      | Found a shimmering altar of Xom.
  2175 | D:3      | Found a transporter.
  2175 | D:3      | Noticed vvl's ghost (amateur DsFi)
  2208 | D:3      | Noticed an ogre
  2216 | D:3      | Killed an ogre
  2217 | D:3      | Reached skill level 5 in Fighting
  2217 | D:3      | Reached skill level 5 in Throwing
  2217 | D:3      | Reached XP level 6. HP: 50/51 MP: 8/8
  2349 | D:3      | Found a transporter.
  2415 | D:3      | Noticed Sigmund
  2472 | D:3      | Killed Sigmund
  2849 | D:4      | Reached XP level 7. HP: 55/56 MP: 10/10
  2991 | D:4      | Found a sacrificial altar of Ru.
  2998 | D:4      | Found an ornate altar of the Wu Jian Council.
  3001 | D:4      | Found a bloodstained altar of Trog.
  3562 | D:5      | Entered Level 5 of the Dungeon
  3813 | D:5      | Found a burning altar of Makhleb.
  4402 | D:6      | Reached XP level 8. HP: 63/63 MP: 12/12
  4518 | D:6      | Found a runed translucent gate.
  4519 | D:6      | Found a runed translucent gate.
  4520 | D:6      | Found a runed translucent gate.
  4520 | D:6      | Noticed YordlordTheGreat's ghost (amateur FeTm)
  6036 | D:7      | Found a staircase to the Ecumenical Temple.
  6046 | Temple   | Entered the Ecumenical Temple
  6503 | Temple   | Became a worshipper of Warmaster Okawaru
  6550 | D:7      | Noticed a moth of wrath
  6551 | D:7      | Noticed Voland's ghost (novice TeAE)
  6560 | D:7      | Found a transporter.
  6567 | D:7      | Found a bloodstained altar of Trog.
  6590 | D:7      | Reached XP level 9. HP: 60/69 MP: 10/14
  6869 | D:7      | HP: 3/69 [bullfrog (3)]
  6879 | D:7      | Reached * piety under Okawaru
  7171 | D:7      | Found a snail-covered altar of Cheibriados.
  7759 | D:8      | Noticed Grum
  7760 | D:8      | Reached skill level 5 in Invocations
  7810 | D:8      | Killed Grum
  8220 | D:8      | Found a white marble altar of Elyvilon.
  8284 | D:8      | Found Ceirobbocwal's Sacrilege Store.
  8372 | D:8      | Found a glowing golden altar of the Shining One.
  8591 | D:8      | Reached ** piety under Okawaru
  8615 | D:8      | Noticed Joseph
  8641 | D:8      | Killed Joseph
  8642 | D:8      | Reached skill level 5 in Short Blades
  8642 | D:8      | Reached skill level 5 in Long Blades
  8642 | D:8      | Reached skill level 5 in Axes
  8642 | D:8      | Reached skill level 5 in Polearms
  8642 | D:8      | Reached skill level 5 in Staves
  8642 | D:8      | Reached skill level 5 in Ranged Weapons
  8642 | D:8      | Reached skill level 5 in Armour
  8642 | D:8      | Reached skill level 5 in Stealth
  8642 | D:8      | Reached skill level 5 in Shields
  8642 | D:8      | Reached skill level 5 in Unarmed Combat
  8642 | D:8      | Reached skill level 5 in Spellcasting
  8642 | D:8      | Reached skill level 5 in Evocations
  8642 | D:8      | Reached XP level 10. HP: 51/79 MP: 10/17
  9272 | D:9      | Reached *** piety under Okawaru
  9545 | D:9      | Noticed a two-headed ogre
  9584 | D:9      | Killed a two-headed ogre
 10084 | D:9      | Identified the +8 sling of Blood-Lust {flame, Fragile
                  | +Blink rF+ SInv}
 10265 | D:9      | Noticed Maggie
 10309 | D:9      | Killed Maggie
 10309 | D:9      | Received a gift from Okawaru
 10835 | D:10     | Entered Level 10 of the Dungeon
 10841 | D:10     | Found a staircase to the Lair.
 10866 | D:10     | Noticed Nergalle
 10907 | D:9      | Noticed a spectral orc warlord
 10917 | D:10     | Killed Nergalle
 10917 | D:10     | Reached **** piety under Okawaru
 10918 | D:10     | Reached skill level 5 in Conjurations
 10918 | D:10     | Reached skill level 5 in Hexes
 10918 | D:10     | Reached skill level 5 in Summonings
 10918 | D:10     | Reached skill level 5 in Necromancy
 10918 | D:10     | Reached skill level 5 in Translocations
 10918 | D:10     | Reached skill level 5 in Transmutations
 10918 | D:10     | Reached skill level 5 in Fire Magic
 10918 | D:10     | Reached skill level 5 in Ice Magic
 10918 | D:10     | Reached skill level 5 in Air Magic
 10918 | D:10     | Reached skill level 5 in Earth Magic
 10918 | D:10     | Reached skill level 5 in Poison Magic
 10918 | D:10     | Reached XP level 11. HP: 7/85 MP: 1/20
 11784 | D:9      | Received a gift from Okawaru
 12473 | D:10     | Found a hide-covered altar of Uskayaw.
 12687 | D:10     | Found a staircase to the Orcish Mines.
 12873 | D:10     | Got the Anthology of the Glacier and Ensorcelling
 12998 | Lair:1   | Entered Level 1 of the Lair of Beasts
 13240 | Lair:1   | Reached ***** piety under Okawaru
 13265 | Lair:1   | Received a gift from Okawaru
 13265 | Lair:1   | Found the +15 Maxwell's patent armour {-Cast -Tele rElec
                  | Will+ rCorr}
 14094 | Arena    | Entered the Arena
 14109 | Arena    | Reached XP level 12. HP: 22/94 MP: 14/22
 14669 | Lair:2   | Noticed Erica
 14694 | Lair:1   | Killed from afar by Erica

Illustrated notes

Levels and vault maps discovered:
D:1:      minmay_arrival_wavy_path, layout_rooms
D:2:      layout_basic, hellmonk_ecumenical_altar_run_dry
D:3:      layout_loops_ring, xom_confusion_cloud, gammafunk_ghost_mausoleum,
          grunt_decor_resistance, minmay_between, uniq_natasha, uniq_sigmund
D:4:      layout_basic, grunt_temple_overflow_diamond, kennysheep_small_square
D:5:      layout_basic, mainiacjoe_overflow_tiny_flanked,
          nicolae_figureground_sparkle
D:6:      layout_basic, serial_corexii_hall, corexii_hall_statues_i,
          corexii_hall_statues_i, corexii_hall_statues_t,
          corexii_hall_statues_x, chequers_hall_statues_corner_a,
          corexii_hall_statues_x, gammafunk_ghost_split, grunt_tough_drop
D:7:      layout_cave_pools, slow_altar_2, minmay_temple_entry_grid,
          gammafunk_ghost_wrathful_warriors,
          nicolae_concentric_dashed_squares_mild
D:8:      layout_basic, tso_oasis_becter, nicolae_elyvilon_peaceful_grove,
          nicolae_evil_shop, uniq_grum, uniq_joseph
D:9:      layout_rooms, minmay_chambers_of_fives, uniq_maggie
D:10:     layout_long_grid, mainiacjoe_overflow_alcove_2, dpeg_oklobed_lair,
          david_orc_3, chequers_serial_rivers_large_a, hangedman_decor_riveting,
          uniq_nergalle
Temple:   nicolae_temple_figure_eight
Lair:1:   layout_roguey, cheibrodos_lair_lostbears
Lair:2:   layout_roguey, nicolae_swamp_entry_splash_gauntlet,
          serial_bayou_shore_a, infiniplex_staircase_pool, uniq_erica

Skill      XL: |  1  2  3  4  5  6  7  8  9 10 11 12 |
---------------+-------------------------------------+-----
Invocations    | 1 2 3 4 5 6 7 |  7.9
Short Blades   | 1 2 3 5 6 7 |  7.2
Long Blades    | 1 2 3 5 6 7 |  7.2
Axes           | 1 2 3 5 6 7 |  7.2
Polearms       | 1 2 3 5 6 7 |  7.2
Staves         | 1 2 3 5 6 7 |  7.2
Ranged Weapons | 1 2 3 5 6 7 |  7.2
Armour         | 1 2 3 5 6 7 |  7.2
Stealth        | 1 2 3 5 6 7 |  7.2
Shields        | 1 2 3 5 6 7 |  7.2
Unarmed Combat | 1 2 3 5 6 7 |  7.2
Spellcasting   | 1 2 3 5 6 7 |  7.2
Evocations     | 1 2 3 5 6 7 |  7.2
Conjurations   | 1 2 3 4 5 6 |  6.0
Hexes          | 1 2 3 4 5 6 |  6.0
Summonings     | 1 2 3 4 5 6 |  6.0
Necromancy     | 1 2 3 4 5 6 |  6.0
Translocations | 1 2 3 4 5 6 |  6.0
Transmutations | 1 2 3 4 5 6 |  6.0
Fire Magic     | 1 2 3 4 5 6 |  6.0
Ice Magic      | 1 2 3 4 5 6 |  6.0
Air Magic      | 1 2 3 4 5 6 |  6.0
Earth Magic    | 1 2 3 4 5 6 |  6.0
Poison Magic   | 1 2 3 4 5 6 |  6.0
Fighting       | 5 6 7 8 |  8.6
Throwing       | 5 6 7 8 |  8.6
Maces & Flails | 7 8 9 |  9.8
Dodging        | 7 8 9 |  9.8

Action                     |  1- 3 |  4- 6 |  7- 9 | 10-12 || total
---------------------------+-------+-------+-------+-------++-------
  Melee: Flail             |    62 |    87 |       |       ||   149
         Bite              |     5 |    10 |    66 |    98 ||   179
         Mace              |    20 |       |       |   209 ||   229
         Punch             |       |     3 |    17 |     8 ||    28
         Short sword       |       |    67 |   418 |   483 ||   968
         Halberd           |       |       |    39 |       ||    39
         Scimitar          |       |       |    18 |    48 ||    66
         Dagger            |       |       |     8 |       ||     8
         Battleaxe         |       |       |       |    19 ||    19
   Fire: Sling             |    26 |     6 |     3 |       ||    35
  Throw: Stone             |     5 |       |    27 |     5 ||    37
         Dart              |       |     3 |    38 |    32 ||    73
         Javelin           |       |       |     2 |       ||     2
 Invoke: Heroism           |       |       |       |     5 ||     5
         Duel              |       |       |       |     1 ||     1
         Finesse           |       |       |       |     1 ||     1
    Use: Potion            |       |       |     1 |     5 ||     6
         Scroll            |       |       |       |    11 ||    11
 Armour: Leather armour    |     4 |       |       |       ||     4
         Plate armour      |    57 |   125 |   365 |   549 ||  1096
  Dodge: Dodged            |    30 |    32 |   192 |   292 ||   546
  Block: Buckler           |       |       |       |   109 ||   109
